 Dungeon Crawl Stone Soup version 0.20.1-1-g8b1a95d (webtiles) character file.

92 Mimshu the Slasher (level 4, -23/35 HPs)
             Began as a Human Berserker on Nov 30, 2017.
             Was a Follower of Jiyva.
             Annihilated by a polar bear (28 damage)
             ... created by the rage of Trog
             ... on level 3 of the Dungeon.
             The game lasted 00:07:17 (3506 turns).

Mimshu the Slasher (Human Berserker)                Turns: 3506, Time: 00:07:18

Health: -23/35     AC:  5    Str: 17    XL:     4   Next: 90%
Magic:  13/13      EV: 11    Int:  8    God:    Jiyva [*.....]
Gold:   96         SH:  0    Dex: 13    Spells: 3/3 levels left

rFire    . . .     SeeInvis .   a - +0 falchion
rCold    . . .     Gourm    .   (no shield)
rNeg     . . .     Faith    .   j - +0 ring mail
rPois    +         Spirit   .   (no helmet)
rElec    .         Reflect  .   (no cloak)
rCorr    .         Harm     .   (no gloves)
MR       .....                  (no boots)
Stlth    +.........             (no amulet)
Regen    0.2/turn               g - ring of poison resistance
MPRegen  0.2/turn               n - ring of magical power

@: no status effects
A: no striking features
a: Request Jelly, Renounce Religion


You were on level 3 of the Dungeon.
You worshipped Jiyva.
Jiyva was aware of your devotion.
You were not hungry.

You visited 1 branch of the dungeon, and saw 3 of its levels.

You collected 96 gold pieces.

Inventory:

Hand Weapons
 a - a +0 falchion (weapon)
 p - a +0 long sword
Armour
 b - a +0 animal skin
 j - a +0 ring mail (worn)
Jewellery
 g - a ring of poison resistance (left hand)
 n - a ring of magical power (right hand)
Scrolls
 d - 3 scrolls of identify
 e - a scroll of remove curse
 l - 2 scrolls of magic mapping {unknown}
 m - 2 scrolls of noise {unknown}
Potions
 f - a potion of agility {unknown}
 k - a potion of flight {unknown}
Comestibles
 h - 2 fruits
 i - a royal jelly
 o - a meat ration


   Skills:
 + Level 3.4 Fighting
 + Level 4.1 Long Blades
 + Level 2.4 Armour
 + Level 2.5 Dodging
 + Level 1.3 Stealth


You had 3 spell levels left.
You didn't know any spells.

Dungeon Overview and Level Annotations

Branches:
Dungeon (3/15)

Altars:
Jiyva


Message History

You see here a rat corpse.
You start resting.
HP restored.
Trog sends monsters to punish you. 3 polar bears and 2 black bears come into view.
You hear a distant slurping noise.
Jiyva appreciates your sacrifice.
You hear an angry growl.
The polar bear rages.
The polar bear closely misses you. The polar bear claws you.
The polar bear closely misses you.
You hear an angry growl. x2
The polar bear bites you!!
Ouch! That really hurt!
The polar bear claws you.
* * * LOW HITPOINT WARNING * * *
The polar bear claws you.
* * * LOW HITPOINT WARNING * * *
The polar bear bites you!!
Ouch! That really hurt!
You die...

###.#.#...######.######.
...#..........#.#......
##..####..####.#.#.#####
#..#.....# # #.#.#
#..#.########.#.#.#
#..h.#........#...#
#h####.# #......### #.#
#.# #.####.###### #.#
#@# ###......## #.####h#
#.....#....
#....h.#.####.###.#..##
########.............##
#.#.##.##....... #
#.##..<...# #.######..#
#.. ..# ... #


You could see 2 polar bears.

Vanquished Creatures
  A centaur skeleton (D:3)
  An adder (D:2)
  5 worms
  2 dart slugs (D:1)
  A leopard gecko (D:2)
  A ball python (D:2)
  2 goblins
  2 hobgoblins (D:2)
  6 bats
  6 frilled lizards
  6 kobolds
  8 rats
41 creatures vanquished.

Vanquished Creatures (others)
  2 dart slugs (D:2)
  A leopard gecko (D:2)
  6 orcs
  A bat (D:2)
  A goblin (D:2)
  2 hobgoblins
  2 frilled lizards (D:2)
  A rat (D:2)
16 creatures vanquished.

Grand Total: 57 creatures vanquished

Notes
Turn   | Place    | Note
-------+----------+-------------------------------------------
     0 | D:1      | Mimshu the Human Berserker began the quest for the Orb.
     0 | D:1      | Reached XP level 1. HP: 18/18 MP: 1/1
   181 | D:1      | Reached XP level 2. HP: 20/24 MP: 2/2
   599 | D:1      | Reached XP level 3. HP: 28/29 MP: 3/3
  1025 | D:2      | Reached ** piety under Trog
  2428 | D:2      | Found a faded altar of an unknown god.
  2435 | D:2      | Reached XP level 4. HP: 33/35 MP: 4/4
  2567 | D:2      | Fell from the grace of Trog
  2567 | D:2      | Became a worshipper of Jiyva Jiqaut the Shapeless
  2567 | D:2      | Reached * piety under Jiyva
  3338 | D:3      | Reached skill level 4 in Long Blades
  3338 | D:3      | Reached skill level 1 in Stealth
  3498 | D:3      | Noticed a black bear
  3498 | D:3      | Noticed a polar bear
  3498 | D:3      | Noticed a polar bear
  3498 | D:3      | Noticed a polar bear
  3498 | D:3      | Noticed a black bear
  3506 | D:3      | Annihilated by a polar bear

Skill      XL: |  1  2  3  4 |
---------------+-------------+-----
Long Blades    | 4 |  4.1
Stealth        | 1 |  1.3
Fighting       | |  3.4
Armour         | |  2.4
Dodging        | |  2.5

Action                   |  1- 3 |  4- 6 || total
-------------------------+-------+-------++-------
Melee: Falchion          |   116 |    22 ||   138
       Long sword        |     5 |       ||     5
Invok: Trog's Hand       |     2 |       ||     2
       Berserk           |     1 |       ||     1
       Request Jelly     |       |     6 ||     6
  Use: Scroll            |     1 |       ||     1
 Stab: Sleeping          |     2 |       ||     2
  Eat: Chunk             |     3 |     1 ||     4
       Bread ration      |     1 |     1 ||     2
Armor: Animal skin       |    16 |       ||    16
       Ring mail         |    19 |    10 ||    29
Dodge: Dodged            |    93 |    13 ||   106
       Rpst.: Falchion   |    23 |     3 ||    26
